| TOP OF THE 1ST |
|
Palm Beach Nationals batting - Pitching for Madison Brewers : LHP Bill Kovac
|
|
Pitching: LHP Bill Kovac
|
|
|
Batting: RHB Lou Ortman
|
0-0: Swinging Strike 0-1: Ball 1-1: Foul Ball, location: 2F 1-2: Strikes out swinging
|
|
Batting: RHB Larry Myers
|
0-0: Called Strike 0-1: SOLO HOME RUN (Flyball, 78XD, EV 115.6 MPH), Distance : 445 ft
|
|
Batting: RHB Ben Lowe
|
0-0: Called Strike 0-1: Swinging Strike 0-2: Ball 1-2: Fly out, F8 (Flyball, 8RD, EV 102.5 MPH)
|
|
Batting: LHB Ken Westfall
|
0-0: Ground out U3 (Groundball, 3, EV 83.1 MPH)
|
| Top of the 1st over - 1 run, 1 hit, 0 errors, 0 left on base; Palm Beach 1 - Madison 0 |
| BOTTOM OF THE 1ST |
|
Madison Brewers batting - Pitching for Palm Beach Nationals : LHP Billy Edwards
|
|
Pitching: LHP Billy Edwards
|
|
|
Batting: RHB Ben Follett
|
0-0: Ball 1-0: Foul Ball, location: 2F 1-1: Foul Ball, location: 2F 1-2: Ball 2-2: Ball 3-2: Foul Ball, location: 2F 3-2: Fly out, F9 (Flyball, 9S, EV 89.4 MPH)
|
|
Batting: RHB Malcolm McCauley
|
0-0: Foul Ball, location: 2F 0-1: Swinging Strike 0-2: Ball 1-2: Ball 2-2: Foul Ball, location: 2F 2-2: Strikes out swinging
|
|
Batting: RHB Bobby Raya
|
0-0: Called Strike 0-1: Swinging Strike 0-2: Foul Ball, location: 2F 0-2: Ball 1-2: Strikes out swinging
|
| Bottom of the 1st over - 0 runs, 0 hits, 0 errors, 0 left on base; Palm Beach 1 - Madison 0 |
| TOP OF THE 2ND |
|
Palm Beach Nationals batting - Pitching for Madison Brewers : LHP Bill Kovac
|
|
Batting: RHB Mike Hayes
|
0-0: Foul Ball, location: 2F 0-1: Foul Ball, location: 2F 0-2: Strikes out swinging
|
|
Batting: LHB Mike Trentham
|
0-0: Ball 1-0: Ball 2-0: Foul Ball, location: 2F 2-1: DOUBLE (Flyball, 78D, EV 109.4 MPH)
|
|
Batting: RHB Tom Lyles
|
0-0: Ball 1-0: Ball 2-0: Swinging Strike 2-1: Foul Ball, location: 2F 2-2: Strikes out looking
|
|
Batting: RHB Abdul-Ra'uf bin Maimun
|
0-0: Called Strike 0-1: Ball 1-1: Ball 2-1: Called Strike 2-2: Strikes out looking
|
| Top of the 2nd over - 0 runs, 1 hit, 0 errors, 1 left on base; Palm Beach 1 - Madison 0 |
| BOTTOM OF THE 2ND |
|
Madison Brewers batting - Pitching for Palm Beach Nationals : LHP Billy Edwards
|
|
Batting: RHB Cory Taylor
|
0-0: Ball 1-0: Ball 2-0: Called Strike 2-1: SOLO HOME RUN (Flyball, 9LD, EV 94.4 MPH), Distance : 340 ft
|
|
Batting: RHB Steve Brock
|
0-0: Ball 1-0: Swinging Strike 1-1: Foul Ball, location: 2F 1-2: Ball 2-2: Ground out 6-3 (Groundball, 56, EV 103.8 MPH)
|
|
Batting: RHB Dave Guevara
|
0-0: Foul Ball, location: 2F 0-1: Foul Ball, location: 2F 0-2: Foul Ball, location: 2F 0-2: Ball 1-2: Foul Ball, location: 2F 1-2: Hit by Pitch
|
|
Batting: RHB Noah Peek
|
0-0: Grounds into double play, 6-4-3 (Groundball, 6, EV 79.4 MPH)
|
| Bottom of the 2nd over - 1 run, 1 hit, 0 errors, 0 left on base; Palm Beach 1 - Madison 1 |
| TOP OF THE 3RD |
|
Palm Beach Nationals batting - Pitching for Madison Brewers : LHP Bill Kovac
|
|
Batting: SHB Nelson Franco
|
0-0: Ball 1-0: Foul Ball, location: 2F 1-1: Ball 2-1: Foul Ball, location: 2F 2-2: Ball 3-2: Base on Balls
|
|
Batting: RHB Lou Ortman
|
0-0: Called Strike 0-1: Foul Ball, location: 2F 0-2: Ball 1-2: Strikes out looking
|
|
Batting: RHB Larry Myers
|
0-0: Grounds into double play, 6-4-3 (Groundball, 6, EV 90.0 MPH)
|
| Top of the 3rd over - 0 runs, 0 hits, 0 errors, 0 left on base; Palm Beach 1 - Madison 1 |
| BOTTOM OF THE 3RD |
|
Madison Brewers batting - Pitching for Palm Beach Nationals : LHP Billy Edwards
|
|
Batting: LHB Bill Kovac
|
0-0: Ball 1-0: SOLO HOME RUN (Flyball, 78XD, EV 115.6 MPH), Distance : 428 ft
|
|
Batting: LHB Andy Underwood
|
0-0: Ball 1-0: Fly out, F9 (Flyball, 9, EV 94.4 MPH)
|
|
Batting: RHB Ben Follett
|
0-0: Called Strike 0-1: Swinging Strike 0-2: Foul Ball, location: 2F 0-2: Ball 1-2: Ball 2-2: Strikes out swinging
|
|
Batting: RHB Malcolm McCauley
|
0-0: Foul Ball, location: 2F 0-1: Foul Ball, location: 2F 0-2: Strikes out looking
|
| Bottom of the 3rd over - 1 run, 1 hit, 0 errors, 0 left on base; Palm Beach 1 - Madison 2 |
| TOP OF THE 4TH |
|
Palm Beach Nationals batting - Pitching for Madison Brewers : LHP Bill Kovac
|
|
Batting: RHB Ben Lowe
|
0-0: Ground out 6-3 (Groundball, 6S, EV 69.4 MPH)
|
|
Batting: LHB Ken Westfall
|
0-0: Ball 1-0: Ball 2-0: Ball 3-0: Called Strike 3-1: Called Strike 3-2: Foul Ball, location: 2F 3-2: Strikes out looking
|
|
Batting: RHB Mike Hayes
|
0-0: Ground out 4-3 (Groundball, 4M, EV 86.2 MPH)
|
| Top of the 4th over - 0 runs, 0 hits, 0 errors, 0 left on base; Palm Beach 1 - Madison 2 |
| BOTTOM OF THE 4TH |
|
Madison Brewers batting - Pitching for Palm Beach Nationals : LHP Billy Edwards
|
|
Batting: RHB Bobby Raya
|
0-0: Ball 1-0: Fly out, F9 (Flyball, 89M, EV 84.4 MPH)
|
|
Batting: RHB Cory Taylor
|
0-0: Called Strike 0-1: Ball 1-1: Foul Ball, location: 2F 1-2: SINGLE (Flyball, 8RS, EV 90.6 MPH)
|
|
Batting: RHB Steve Brock
|
0-0: Ball 1-0: Called Strike 1-1: Foul Ball, location: 2F 1-2: Ball 2-2: Foul Ball, location: 2F 2-2: Grounds into double play, 5-4-3 (Groundball, 5, EV 85.6 MPH)
|
| Bottom of the 4th over - 0 runs, 1 hit, 0 errors, 0 left on base; Palm Beach 1 - Madison 2 |
| TOP OF THE 5TH |
|
Palm Beach Nationals batting - Pitching for Madison Brewers : LHP Bill Kovac
|
|
Batting: LHB Mike Trentham
|
0-0: Foul Ball, location: 2F 0-1: Ball 1-1: Called Strike 1-2: Foul Ball, location: 2F 1-2: Foul Ball, location: 2F 1-2: Strikes out looking
|
|
Batting: RHB Tom Lyles
|
0-0: Ball 1-0: Foul Ball, location: 2F 1-1: Ball 2-1: Swinging Strike 2-2: Foul Ball, location: 2F 2-2: Strikes out swinging
|
|
Batting: RHB Abdul-Ra'uf bin Maimun
|
0-0: Ball 1-0: Fly out, F9 (Line Drive, 9S, EV 91.2 MPH)
|
| Top of the 5th over - 0 runs, 0 hits, 0 errors, 0 left on base; Palm Beach 1 - Madison 2 |
| BOTTOM OF THE 5TH |
|
Madison Brewers batting - Pitching for Palm Beach Nationals : LHP Billy Edwards
|
|
Batting: RHB Dave Guevara
|
0-0: Ball 1-0: Ground out 4-3 (Groundball, 4S, EV 61.9 MPH)
|
|
Batting: RHB Noah Peek
|
0-0: Ball 1-0: Ground out 4-3 (Groundball, 4, EV 82.5 MPH)
|
|
Batting: LHB Bill Kovac
|
0-0: Called Strike 0-1: Ball 1-1: Fly out, F7 (Flyball, 7D, EV 96.2 MPH)
|
| Bottom of the 5th over - 0 runs, 0 hits, 0 errors, 0 left on base; Palm Beach 1 - Madison 2 |
| TOP OF THE 6TH |
|
Palm Beach Nationals batting - Pitching for Madison Brewers : LHP Bill Kovac
|
|
Batting: SHB Nelson Franco
|
0-0: Called Strike 0-1: Ball 1-1: Called Strike 1-2: Strikes out swinging
|
|
Batting: RHB Lou Ortman
|
0-0: Ball 1-0: Called Strike 1-1: Ball 2-1: Swinging Strike 2-2: Foul Ball, location: 2F 2-2: Strikes out looking
|
|
Batting: RHB Larry Myers
|
0-0: Called Strike 0-1: Swinging Strike 0-2: Ball 1-2: Ball 2-2: Strikes out swinging
|
| Top of the 6th over - 0 runs, 0 hits, 0 errors, 0 left on base; Palm Beach 1 - Madison 2 |
| BOTTOM OF THE 6TH |
|
Madison Brewers batting - Pitching for Palm Beach Nationals : LHP Billy Edwards
|
|
Batting: LHB Andy Underwood
|
0-0: SINGLE (Groundball, 4MD, EV 102.5 MPH)
|
|
Batting: RHB Ben Follett
|
0-0: Called Strike Andy Underwood steals 2nd base 0-1: Foul Ball, location: 2F 0-2: SINGLE (Flyball, 9LS, EV 97.5 MPH) Andy Underwood to third
|
|
Batting: RHB Malcolm McCauley
|
0-0: Ball 1-0: DOUBLE (Flyball, 78XD, EV 96.2 MPH) Andy Underwood scores Ben Follett to third
|
|
Batting: RHB Bobby Raya
|
0-0: Ground out 6-3 (Groundball, 6M, EV 86.9 MPH) Ben Follett scores Malcolm McCauley to third
|
|
Batting: RHB Cory Taylor
|
0-0: Called Strike 0-1: Ground out U3 (Groundball, 34, EV 85.6 MPH) Malcolm McCauley scores
|
|
Batting: RHB Steve Brock
|
0-0: Foul Ball, location: 2F 0-1: Ball 1-1: Foul Ball, location: 2F 1-2: Ball 2-2: Ground out 6-3 (Groundball, 6, EV 105.6 MPH)
|
| Bottom of the 6th over - 3 runs, 3 hits, 0 errors, 0 left on base; Palm Beach 1 - Madison 5 |
| TOP OF THE 7TH |
|
Palm Beach Nationals batting - Pitching for Madison Brewers : LHP Bill Kovac
|
|
Batting: RHB Ben Lowe
|
0-0: Ball 1-0: Swinging Strike 1-1: Ball 2-1: Ground out 5-3 (Groundball, 5, EV 76.2 MPH)
|
|
Pitching: RHP Rick Acevedo
|
|
|
Batting: LHB Ken Westfall
|
0-0: Ball 1-0: Ball 2-0: Ball 3-0: Swinging Strike 3-1: Called Strike 3-2: Strikes out swinging
|
|
Batting: RHB Mike Hayes
|
0-0: Ball 1-0: Ball 2-0: Swinging Strike 2-1: Fly out, F8 (Flyball, 89D, EV 92.5 MPH)
|
| Top of the 7th over - 0 runs, 0 hits, 0 errors, 0 left on base; Palm Beach 1 - Madison 5 |
| BOTTOM OF THE 7TH |
|
Madison Brewers batting - Pitching for Palm Beach Nationals : LHP Billy Edwards
|
|
Batting: RHB Dave Guevara
|
0-0: Called Strike 0-1: Hit by Pitch
|
|
Batting: RHB Noah Peek
|
0-0: Called Strike 0-1: Grounds into double play, 4-6-3 (Groundball, 4, EV 88.1 MPH)
|
|
Batting: LHB Bill Kovac
|
0-0: Swinging Strike 0-1: Ball 1-1: Ball 2-1: Fly out, F6 (Popup, 6M, EV 65.0 MPH)
|
| Bottom of the 7th over - 0 runs, 0 hits, 0 errors, 0 left on base; Palm Beach 1 - Madison 5 |
| TOP OF THE 8TH |
|
Palm Beach Nationals batting - Pitching for Madison Brewers : RHP Rick Acevedo
|
|
Batting: LHB Mike Trentham
|
0-0: Ball 1-0: Ball 2-0: Swinging Strike 2-1: Foul Ball, location: 2F 2-2: Strikes out swinging
|
|
Batting: RHB Tom Lyles
|
0-0: Called Strike 0-1: Ball 1-1: Foul Ball, location: 2F 1-2: Ball 2-2: Strikes out looking
|
|
Batting: RHB Abdul-Ra'uf bin Maimun
|
0-0: Ball 1-0: Ball 2-0: Ball 3-0: Called Strike 3-1: Foul Ball, location: 2F 3-2: Foul Ball, location: 2F 3-2: Foul Ball, location: 2F 3-2: Ground out 4-3 (Groundball, 4S, EV 70.0 MPH)
|
| Top of the 8th over - 0 runs, 0 hits, 0 errors, 0 left on base; Palm Beach 1 - Madison 5 |
| BOTTOM OF THE 8TH |
|
Madison Brewers batting - Pitching for Palm Beach Nationals : LHP Billy Edwards
|
|
Batting: LHB Andy Underwood
|
0-0: Ball 1-0: Ball 2-0: Called Strike 2-1: Fly out, F6 (Flyball, 56D, EV 86.2 MPH)
|
|
Pitching: RHP Steve Mesa
|
|
|
Batting: RHB Ben Follett
|
0-0: Called Strike 0-1: Ball 1-1: Swinging Strike 1-2: Ball 2-2: Foul Ball, location: 2F 2-2: Ball 3-2: Foul Ball, location: 2F 3-2: Strikes out swinging
|
|
Batting: RHB Malcolm McCauley
|
0-0: Ball 1-0: Ball 2-0: Foul Ball, location: 2F 2-1: Ball 3-1: Base on Balls
|
|
Batting: RHB Bobby Raya
|
0-0: Called Strike 0-1: Swinging Strike 0-2: Ball Malcolm McCauley is caught stealing 2nd base 2-4
|
| Bottom of the 8th over - 0 runs, 0 hits, 0 errors, 0 left on base; Palm Beach 1 - Madison 5 |
| TOP OF THE 9TH |
|
Palm Beach Nationals batting - Pitching for Madison Brewers : RHP Rick Acevedo
|
|
Pinch Hitting: LHB Emery Helm
|
0-0: Swinging Strike 0-1: Swinging Strike 0-2: Strikes out looking
|
|
Pinch Hitting: RHB Greg Bennett
|
0-0: Ball 1-0: Fly out, F7 (Flyball, 7D, EV 96.9 MPH)
|
|
Batting: RHB Larry Myers
|
0-0: Foul Ball, location: 2F 0-1: Swinging Strike 0-2: Strikes out looking
|
| Top of the 9th over - 0 runs, 0 hits, 0 errors, 0 left on base; Palm Beach 1 - Madison 5 |
|